 Dungeon Crawl Stone Soup version 0.23.2-40-g277498a001 (webtiles) character file.

Game seed: 7927609937830172188

63 Folks the Chiller (level 4, -7/31 HPs)
             Began as a Human Ice Elementalist on Aug 22, 2019.
             Mangled by a gnoll
             ... wielding a +0 whip
              (10 damage)
             ... on level 2 of the Dungeon.
             The game lasted 00:06:51 (2116 turns).

Folks the Chiller (Human Ice Elementalist)          Turns: 2116, Time: 00:06:51

Health: -7/31      AC:  7    Str:  8    XL:     4   Next: 30%
Magic:  2/9        EV:  6    Int: 17    God:
Gold:   108        SH:  0    Dex: 13    Spells: 3/9 levels left

rFire    . . .     SeeInvis .   n - +0 short sword
rCold    . . .     Gourm    .   (no shield)
rNeg     . . .     Faith    .   a - +0 robe
rPois    .         Spirit   .   (no helmet)
rElec    .         Reflect  .   (no cloak)
rCorr    .         Harm     .   (no gloves)
MR       .....                  (no boots)
Stlth    ++........             (no amulet)
HPRegen  0.10/turn              (no ring)
MPRegen  0.11/turn              (no ring)

@: icy armour, held
A: no striking features
a: no special abilities


You were on level 2 of the Dungeon.
You were not hungry.

You visited 1 branch of the dungeon, and saw 3 of its levels.

You collected 108 gold pieces.

Inventory:

Hand Weapons
 d - a +0 club
 n - a +0 short sword (weapon)
Armour
 a - a +0 robe (worn)
 i - a +1 pair of gloves
Jewellery
 h - an uncursed amulet of regeneration {unknown}
 q - an uncursed ring of wizardry {unknown}
Wands
 s - a wand of paralysis (3)
Scrolls
 f - a scroll of fog
 g - a scroll of teleportation {unknown}
 k - a scroll of fear {unknown}
 o - a scroll of identify {unknown}
Potions
 e - a potion of brilliance {unknown}
 j - a potion of lignification {unknown}
 l - 2 potions of flight {unknown}
 m - a potion of cancellation {unknown}
 p - a potion of agility {unknown}
 r - a potion of curing {unknown}
Comestibles
 c - 4 rations


   Skills:
 + Level 0.6 Fighting
 - Level 2.0 Dodging
 - Level 2.0 Stealth
 * Level 3.3 Spellcasting
 - Level 1.0 Conjurations
 + Level 3.6 Ice Magic


You had 3 spell levels left.
You knew the following spells:

 Your Spells              Type           Power        Failure   Level  Hunger
a - Freeze                Ice            ###.         3%          1    None
b - Throw Frost           Conj/Ice       ##....       10%         2    ##.....
c - Ozocubu's Armour      Chrm/Ice       #.......     24%         3    ###....

Your spell library contained the following spells:

 Spells                   Type           Power        Failure   Level  Hunger
 Throw Icicle             Conj/Ice       ##......     54%         4    ####...
 Summon Ice Beast         Ice/Summ       #.......     63%         4    ####...


Dungeon Overview and Level Annotations

Branches:
Dungeon (3/15)

Altars:


Message History

You struggle against the net.
The gnoll hits you from afar with a +0 halberd.
The gnoll hits you with a +0 whip. The gnoll hits you!
You shred the net and break free! The gnoll closely misses you.
The gnoll barely misses you. The gnoll hits you but does no damage.
The gnoll barely misses you. The gnoll hits you with a +0 whip.
* * * LOW HITPOINT WARNING * * *
The gnoll barely misses you.
Your icy armour cracks and falls away as you move.
You climb upwards.
There is a stone staircase leading down here.
The gnoll hits you.
* * * LOW HITPOINT WARNING * * *
The gnoll throws a throwing net.
The throwing net hits you.
You become entangled in the net!
You see here a throwing net.
Casting: Throw Frost (safe; 10% risk of failure)
Confirm with . or Enter, or press ? or * to list all spells.
A film of ice covers your body! The gnoll hits you with a +0 whip!
You die...

##############################
................@gg(.........#
##################.#########.#
#.# #.# #.# #.# #.# #.#
##################.# #.#
..[..............#.# #.#
################.#.# #.# #.#.#
#.#


You could see 2 gnolls.

Vanquished Creatures
  An ooze (D:2)
  2 worms (D:2)
  A dart slug (D:1)
  A leopard gecko (D:2)
  7 bats
  A giant cockroach (D:1)
  6 goblins (D:1)
  5 hobgoblins (D:1)
  9 jackals
  3 kobolds
  5 frilled lizards
  A jackal skeleton (D:2)
  3 rats (D:1)
45 creatures vanquished.

Notes
Turn   | Place    | Note
-------+----------+-------------------------------------------
     0 | D:1      | Folks the Human Ice Elementalist began the quest for the
                  | Orb.
     0 | D:1      | Reached XP level 1. HP: 13/13 MP: 3/3
   250 | D:1      | Reached XP level 2. HP: 19/19 MP: 1/5
   714 | D:1      | Reached XP level 3. HP: 24/24 MP: 5/7
   719 | D:1      | Learned a level 2 spell: Throw Frost
   723 | D:1      | Learned a level 3 spell: Ozocubu's Armour
  1438 | D:2      | Reached XP level 4. HP: 31/31 MP: 4/8
  2116 | D:2      | Mangled by a gnoll

Skill      XL: |  1  2  3 |
---------------+----------+-----
Spellcasting   | 3 |  3.3
Fighting       | |  0.6
Dodging        | |  2.0
Stealth        | |  2.0
Conjurations   | |  1.0
Ice Magic      | |  3.6

Action                   |  1- 3 |  4- 6 || total
-------------------------+-------+-------++-------
Melee: Club              |    42 |       ||    42
       Short sword       |    25 |    29 ||    54
 Cast: Freeze            |    32 |    14 ||    46
       Throw Frost       |     3 |     3 ||     6
       Ozocubu's Armour  |     1 |     5 ||     6
  Use: Scroll            |     1 |     1 ||     2
 Stab: Sleeping          |     4 |       ||     4
  Eat: Chunk             |     2 |     3 ||     5
Armor: Robe              |    20 |    20 ||    40
Dodge: Dodged            |    45 |    43 ||    88
